[Event "Mongolian Championship Women 2022"]
[Site "Chingis Khentii"]
[Date "2022.05.18"]
[Round "6.3"]
[White "Munguntuul, Batkhuyag"]
[Black "Tsetsenbileg, Munkhbayar"]
[Result "1-0"]
[ECO "B05"]
[WhiteElo "2443"]
[BlackElo "1830"]
[Annotator "TA"]
[PlyCount "29"]
[EventDate "2022.05.12"]
[EventType "tourn"]
[EventCountry "MGL"]
[SourceTitle "playchess.com"]
[Source "ChessBase"]
[SourceQuality "1"]
[TimeControl "40/5400+30:1800+30"]

1. e4 Nf6 2. e5 Nd5 3. d4 d6 4. Nf3 Bg4 5. Be2 g6 6. Ng5 {[%emt 0:00:52] B05: Alekhine's Defence: 4 Nf3 Bg4.} Bxe2 7. Qxe2 {[%emt 0:00:10] Black must now prevent Qf3.} dxe5 {[%emt 0:01:16] [#]} ({Black should play} 7... e6 $1 $14) 8. Qf3 $1 $18 {[%emt 0:00:40] White is clearly better.} ({Weaker is} 8. dxe5 h6 9. Ne4 Nc6 $14) ({But not} 8. Qxe5 $2 f6 9. Qe4 fxg5 $19) 8... f6 (8... f5 $142) 9. Ne6 Qd6 10. Qxd5 {[%emt 0:01:07] [#]} Qb6 $146 (10... Qxd5 11. Nxc7+ Kd7 12. Nxd5 exd4) ({Predecessor:} 10... Nc6 11. Qxd6 {1-0 (11) Evans,R-Illingworth,J England 1988}) 11. dxe5 {[%emt 0:05:07][%cal Bd4e5,Be5e6][%mdl 32] White is clearly winning.} Nd7 12. Be3 Qxb2 13. Nxc7+ Kd8 {[%emt 0:00:05] [#]} 14. e6 $1 Qb4+ 15. Nd2 {[%emt 0:00:19] Black did not feel at home in the position after the opening.  Weighted Error Value: White=0.02 (flawless) /Black=0.93} 1-0

[Event "Mongolian Championship Women 2022"]
[Site "Chingis Khentii"]
[Date "2022.05.18"]
[Round "6.4"]
[White "Amin-Erdene, Bayanmunkh"]
[Black "Nomindalai Tumurbaatar"]
[Result "0-1"]
[ECO "A43"]
[WhiteElo "1425"]
[BlackElo "2111"]
[Annotator "TA"]
[PlyCount "114"]
[EventDate "2022.05.12"]
[EventType "tourn"]
[EventCountry "MGL"]
[SourceTitle "playchess.com"]
[Source "ChessBase"]
[SourceQuality "1"]
[TimeControl "40/5400+30:1800+30"]

1. d4 Nf6 2. Nf3 c5 3. d5 b5 4. c3 Bb7 5. e4 Nxe4 6. Bxb5 {[%emt 0:00:35] A43: Schmid Benoni.} Qa5 {[%emt 0:01:50] [#]} (6... e6 $14) 7. Be2 $146 ({White should try} 7. Na3 $16) ({Predecessor:} 7. Na3 Nf6 8. d6 Ne4 9. Bf4 Qb6 10. dxe7 Bxe7 11. Bxb8 Rxb8 12. Qxd7+ Kf8 13. Nc4 {1-0 (47) Berkes,F (2648)-Esipenko,A (2492) Zuerich 2017}) 7... e6 8. dxe6 {[%emt 0:00:54] White is slightly better.} fxe6 9. Bf4 Be7 10. O-O (10. Bxb8 Rxb8 11. O-O Nd6 $17) 10... Qd8 11. Qb3 Qc8 12. h3 O-O 13. Bh2 Nc6 14. Nbd2 Nd6 15. Qc2 Qe8 16. Rad1 (16. Bxd6 $6 Bxd6 17. Ne4 (17. Ng5 g6 $11) 17... Be7 $11) 16... Nf5 17. Ne4 (17. Rfe1 $16) 17... d5 $14 18. Ng3 Nh4 19. Nxh4 Bxh4 20. Bg4 Ne5 21. Bh5 Qc6 22. Rfe1 {[%emt 0:10:00] [#]} d4 $1 23. f3 d3 24. Qf2 Qd5 $36 {[%emt 0:00:54][%mdl 2048] aiming for ...g6. Black has good play. Dancing on a razor blade.} 25. Qe3 (25. b3 $1 $11 {remains equal.}) 25... Bf6 $2 {[%emt 0:01:01] 0x0.002d06999c5cdp-1022s more active pieces.} (25... Nc4 $17 26. Qxd3 Nxb2 27. Qxd5 exd5) 26. Ne4 (26. b3 $16) 26... Nc4 $1 27. Nxf6+ (27. Qxc5 Bh4 28. Qxd5 exd5 $15) (27. Qxd3 {looks sharper.} Nxb2 28. Qxd5 Bxd5 29. Rd2) 27... Rxf6 28. Qxd3 Qxh5 29. Qxc4 Rg6 30. g4 (30. Rxe6 $2 Rxg2+ $3 31. Kh1 Kh8 $1 $19) (30. Rf1 $1 $11) 30... Bd5 $2 (30... Qxh3 $19 31. Rxe6 Kh8) 31. Qf1 (31. Qxc5 $142 {[%cal Oe1e6] Strongly threatening Rxe6!} Qh4 32. Re3) 31... Rf8 $16 32. Re5 (32. Re3 $1 $16) 32... Qh4 $11 33. Rdxd5 (33. f4 $1 $11 {keeps the balance.}) 33... exd5 $17 34. Rxd5 Qe7 (34... Rb6 $17 35. b3 Rh6) 35. Re5 Qb7 36. Qc4+ $1 Kh8 37. Qxc5 $2 (37. Qe2 $11) 37... Qxf3 $19 38. Re1 {[%emt 0:00:36] Inhibits Qf1+.} Rgf6 39. Be5 Qxh3 40. Bxf6 Qg3+ 41. Kh1 Qxe1+ {[%emt 0:00:11][%mdl 4096] Endgame KQR-KQB} 42. Kh2 Qd2+ 43. Kg3 {[%emt 0:13:16][%cal Rc5f8] [#]} Qd3+ $1 44. Kh4 {[%emt 0:02:25][%cal Rc5f8] [#]} Re8 (44... Kg8 $1 $19 45. Be5 Qf3 46. Qc4+ Kh8) 45. Bd4 $15 Qc2 ({Better is} 45... h6 $15 46. b4 (46. Qc6 $2 Kh7 $19) 46... Qe2) 46. Qc7 $2 (46. Bxg7+ $11 {and White has nothing to worry.} Kxg7 47. Qd4+ Kg8 48. Qc4+ Kg7 49. Qd4+ Kf8 50. Qf4+ Kg7 51. Qd4+) 46... Qg6 $19 {[%emt 0:00:22][%cal Oh7h5] And now ...h5! would win.} 47. Qd7 Rf8 48. Qd5 $2 (48. Qe7 Kg8 49. Qg5) 48... h6 {[%emt 0:00:39] ...Rf4 is the strong threat.} 49. Qe5 {[%emt 0:01:48] Against Rf4} Rf7 (49... Rf3 $142 {Threatens to win with ...Qf7.} 50. c4 Kg8) 50. a3 $2 (50. Kg3) 50... Qc6 51. Qh2 {[%emt 0:01:03] Inhibits Qh1.} (51. Qe2 $142 Qg6 52. Qe8+ Kh7 53. Qe3) 51... Kg8 52. Qe2 Rf3 {[%emt 0:00:48] ( -> ...g5+)} ({Worse is} 52... g5+ 53. Kg3 $17) 53. Qh2 g5+ 54. Kh5 Kf7 {[%emt 0:00:10][%csl Gf7][%cal Rc6g6] Black mates.} 55. Bf6 Kxf6 56. Kxh6 Kf7+ 57. Kh7 Qg6+ {[%emt 0:00:05] Weighted Error Value: White=0.69/Black=0.42} 0-1

[Event "Mongolian Championship Women 2022"]
[Site "Chingis Khentii"]
[Date "2022.05.18"]
[Round "6.5"]
[White "Mungunzul, Bat-Erdene"]
[Black "Munkhzul, Davaakhuu"]
[Result "1-0"]
[ECO "E35"]
[WhiteElo "2091"]
[BlackElo "1991"]
[Annotator "TA"]
[PlyCount "63"]
[EventDate "2022.05.12"]
[EventType "tourn"]
[EventCountry "MGL"]
[SourceTitle "playchess.com"]
[Source "ChessBase"]
[SourceQuality "1"]
[TimeControl "40/5400+30:1800+30"]

1. d4 d5 2. c4 e6 3. Nc3 Nf6 4. Bg5 Bb4 5. cxd5 exd5 6. Qc2 h6 7. Bh4 c5 8. dxc5 g5 9. Bg3 Ne4 {[%emt 0:00:11] ...Qa5 is the strong threat.} 10. e3 {[%emt 0:01:26] E35: Nimzo-Indian: Classical: 4...d5 5 cxd5 exd5.} Qa5 11. Nge2 {[%emt 0:01:47] The old main line.} Bf5 12. Bxb8 {[%emt 0:01:33] White is slightly better.} (12. Be5 $5 Rg8 13. Nd4 $14) 12... Bg6 $2 {[%emt 0:14:59] [#]} (12... Rxb8 $11 13. Nd4 Bd7) 13. Be5 $146 ({White must play} 13. Bc7 $1 $18 Qxc5 14. Qa4+ b5 15. Qb3 Bxc3+ 16. Nxc3 Qxc7 17. Qxd5 (17. Bxb5+ Kf8 $18)) ({Predecessor:} 13. Bc7 Qxc5 14. Qa4+ b5 15. Qb3 Bxc3+ 16. Nxc3 Qxc7 17. Bxb5+ Kf8 18. Nxe4 dxe4 19. O-O {½-½ (36) Gladyszev,O (2485)-Zubarev,A (2511) Lipetsk 2007}) 13... Nxc5 $2 {[%emt 0:11:22] [#]} 14. Qd1 $1 $18 ({Worse is} 14. e4 Bxe4 15. Qd2 (15. Qxe4 $2 dxe4 16. Bxh8 Nd3+ 17. Kd2 Nxf2 $19) 15... Nd3+ 16. Qxd3 Bxd3 $11) 14... Nd3+ {[%emt 0:03:58] [#]} 15. Qxd3 $3 Bxd3 16. Bxh8 Rc8 17. a3 Bxe2 18. Bxe2 (18. Kxe2 f6 $18) 18... Bxc3+ 19. bxc3 ({Weaker is} 19. Bxc3 Rxc3 20. b4 Qa4 $17) 19... Rxc3 20. O-O Rc2 21. Bf3 f5 22. h3 Rc7 23. Rfd1 Rd7 24. Rd3 Qc5 25. Rad1 a5 26. Bxd5 Ke7 27. Bf3 Rxd3 28. Rxd3 b5 (28... Qc1+ {is a better defense.} 29. Rd1 Qxa3) 29. Rc3 {[%emt 0:00:41] White is clearly winning.} Qd6 30. Bd4 {[%emt 0:00:13] And now Bc5 would win.} Kd8 31. Rc5 {[%emt 0:00:29] Threatens to win with Rd5.} Ke8 32. Re5+ {[%emt 0:51:07] Black did not feel at home in the position after the opening.  Weighted Error Value: White=0.17 (very precise) /Black=0.59} 1-0

[Event "Mongolian Championship Women 2022"]
[Site "Chingis Khentii"]
[Date "2022.05.18"]
[Round "6.6"]
[White "Khulan, Enkhsaikhan"]
[Black "Munkhzul, Turmunkh"]
[Result "1-0"]
[ECO "D36"]
[WhiteElo "2111"]
[BlackElo "2294"]
[Annotator "TA"]
[PlyCount "157"]
[EventDate "2022.05.12"]
[EventType "tourn"]
[EventCountry "MGL"]
[SourceTitle "playchess.com"]
[Source "ChessBase"]
[SourceQuality "1"]
[TimeControl "40/5400+30:1800+30"]

1. Nf3 Nf6 2. c4 e6 3. d4 d5 4. cxd5 exd5 5. Nc3 Be7 6. Qc2 c6 7. Bg5 O-O 8. e3 Re8 9. Bd3 Nbd7 10. O-O Nf8 11. Rab1 h6 12. Bh4 Ne4 13. Bxe7 Qxe7 14. b4 {[%emt 0:00:23] D36: Queen's Gambit Declined: Exchange Variation: Main line (5 Bg5 c6 6 Qc2).} a6 15. a4 Bf5 16. Rb3 {[%emt 0:05:15] [#] White is slightly better.} Rac8 $146 ({Predecessor:} 16... Nd7 17. b5 axb5 18. axb5 Nxc3 19. Rxc3 Bxd3 20. Qxd3 Qf6 21. h3 Ra2 22. Rfc1 Re6 {½-½ (60) Nagel,B-Barth,A (2190) Germany 1999}) 17. a5 Rcd8 18. Na4 Bc8 19. Nc5 Ng5 20. Ne5 Ne4 21. Nf3 Nd6 22. Rc3 Ne6 23. Ne5 Nc7 24. Nxb7 Bxb7 $11 25. Nxc6 Bxc6 26. Rxc6 Ndb5 27. Qc5 (27. Rc1 $11) 27... Qxc5 (27... Rd6 $17 {...Rxc6 is the strong threat.} 28. Rxd6 Qxd6) 28. bxc5 Re6 29. Rb6 Kf8 30. Rc1 Ke8 31. g4 g6 32. h4 Ke7 33. Kg2 Na8 34. Rb7+ Rd7 35. Rb8 Rd8 $1 36. Rb7+ Rd7 37. Rb8 Ra7 (37... Rd8 $1 $11 {keeps the balance.} 38. Rb7+) 38. h5 {[%emt 0:02:19][%mdl 1024] White has strong compensation.} ({But not} 38. Bxb5 $6 axb5 39. Rxb5 Nc7 $15) 38... g5 (38... gxh5 $1 $14 39. gxh5 Nac7) 39. Bf5 $18 Rc6 {[%emt 0:01:45] [#]} 40. Kg3 $2 (40. Re1 $1 $18) 40... Nac7 $14 41. Rb6 (41. Re1 $5 ) 41... Rf6 42. f4 {[%emt 0:07:55] Hoping for fxg5.} gxf4+ (42... Ne6 $1 $11 43. fxg5 Nxg5) 43. Kxf4 $16 {[%emt 0:00:46] Black is on the road to losing.} Ra8 (43... Ne6+ $142 44. Ke5 Nbc7) 44. Ke5 {[%emt 0:01:55] Chess con chili. White is more active.} Rxb6 (44... Ne6 $16) 45. axb6 $18 ({Weaker is} 45. cxb6 f6+ 46. Kf4 Ne6+ 47. Kg3 (47. Bxe6 Kxe6 48. Rc6+ Nd6 $11) 47... Nd6 $11) 45... f6+ 46. Kf4 a5 47. bxc7 Nxc7 {[%emt 0:00:06][%mdl 4096] Endgame KRB-KRN} 48. Rb1 Ra7 $2 (48... Ne6+ 49. Kg3 Ra7) 49. Rb6 Kf7 50. Bg6+ Kg7 51. Bc2 Kf7 52. Bg6+ Kg7 $1 53. Bb1 Kf7 54. Ba2 Ne6+ 55. Kf3 Rd7 56. Ra6 Ng5+ 57. Kf4 Ne6+ 58. Kg3 Ng5 59. c6 Rc7 60. Bxd5+ Ke7 61. Rxa5 Kd6 62. e4 Re7 63. Kf4 Nh3+ 64. Kf5 Nf2 65. Ra8 {[%emt 0:01:51] [#] Threatens to win with Rf8.} Rg7 66. Rd8+ Kc7 67. Kxf6 Rxg4 68. Rd7+ {[%emt 0:00:24] White mates.} Kc8 69. Re7 Rf4+ 70. Kg6 Ng4 71. Rf7 Rxf7 72. Bxf7 {[%emt 0:01:15] KB-KN} Kc7 73. Be8 Nf2 74. e5 Nd3 75. Bd7 Nf4+ 76. Kxh6 Ne2 77. d5 Nf4 78. d6+ Kd8 79. Bf5 {[%emt 0:00:16] Weighted Error Value: White=0.30/Black=0.40} 1-0

[Event "Mongolian Championship Women 2022"]
[Site "Chingis Khentii"]
[Date "2022.05.19"]
[Round "7.1"]
[White "Bayarmaa, Bayarjargal"]
[Black "Amin-Erdene, Bayanmunkh"]
[Result "1-0"]
[ECO "E73"]
[WhiteElo "2124"]
[BlackElo "1425"]
[Annotator "TA"]
[PlyCount "89"]
[EventDate "2022.05.12"]
[EventType "tourn"]
[EventCountry "MGL"]
[SourceTitle "playchess.com"]
[Source "ChessBase"]
[SourceQuality "1"]
[TimeControl "40/5400+30:1800+30"]

1. d4 Nf6 2. c4 g6 3. Nc3 Bg7 4. e4 d6 5. Be2 O-O 6. Bg5 Na6 7. Qd2 e5 8. d5 Qe8 9. f3 Nh5 10. g3 {[%emt 0:01:34] Inhibits Nf4. E73: King's Indian: Averbakh Variation without 6...c5.} (10. Bd1 $14 {might be stronger.}) 10... f6 11. Be3 f5 {[%emt 0:01:41] [#]} 12. O-O-O $146 {[%emt 0:10:03] White is slightly better.} ({Predecessor:} 12. exf5 gxf5 13. O-O-O Bd7 14. Bd3 Nc5 15. Bc2 b6 16. Nge2 Kh8 17. f4 Nf6 18. fxe5 dxe5 {0-1 (37) Hercules,B (2162)-Klaasen,C (2282) Pretoria 2019}) 12... Nf6 (12... fxe4 $11 13. fxe4 b6) 13. Bd3 (13. exf5 $14 gxf5 14. Re1) 13... Nc5 (13... c6 $11) 14. Bc2 (14. Bxc5 $5 dxc5 15. Nge2 $11) 14... fxe4 15. Bxc5 dxc5 16. Nxe4 Nxe4 17. Bxe4 Bf5 18. Kb1 b5 19. Ne2 bxc4 20. Nc3 Rb8 21. Qe2 {[%emt 0:06:30][%mdl 1024] White has compensation.} Bh6 22. Ka1 Qe7 23. Rhe1 Qd6 24. g4 Bxe4 25. Nxe4 Qb6 {[%emt 0:00:20][%cal Oh6e3] [#] Hoping for ...Be3!} 26. g5 Bg7 27. Rd2 {[%emt 0:01:52][%cal Bd1d2,Bd2c2,Bc2c4][%mdl 32] White is more active.} Kh8 28. Rf1 (28. Rc1 $16) 28... Qb4 (28... c3 $14 29. Nxc3 Rf4) 29. Rc2 $16 Rbd8 30. Rd1 ({Reject} 30. Qxc4 $6 Qxc4 31. Rxc4 Rxd5 $11) 30... Rf5 (30... Qb5 $16) 31. Rxc4 $18 Qb5 32. Qc2 ({Don't take} 32. Nxc5 $6 Rf4 33. Ne4 Rxf3 $16) 32... Rxf3 $2 {[%emt 0:01:55] This costs Black the game.} (32... Bf8 $16 {was necessary.}) 33. Rxc5 Qd7 34. Rxc7 Qg4 35. d6 ({Don't do} 35. Rxa7 Rc8 36. Qb1 Re3 $18) 35... Re3 $2 (35... Rf4 {keeps fighting.}) 36. Rc4 {[%emt 0:04:37][%cal Od6d7] [#] And now d7! would win.} Re2 (36... Rf3 $142 37. Rc7 Rf4) 37. Qa4 {[%emt 0:00:58] aiming for Nc3.} Qg2 $2 (37... Re3 38. d7 Bf8) 38. d7 {[%emt 0:03:06] Threatening mate with Rc8.} Qf3 39. Rc8 {[%emt 0:01:36] White mates.} Qf8 40. Rxd8 Qxd8 41. Qc4 Rxe4 42. Qxe4 Kg8 43. Qd5+ Kh8 44. Qf7 Bf8 45. Qe8 {[%emt 0:00:17] Weighted Error Value: White=0.18 (very precise) /Black=0.46} 1-0

[Event "Mongolian Championship Women 2022"]
[Site "Chingis Khentii"]
[Date "2022.05.19"]
[Round "7.2"]
[White "Tsetsenbileg, Munkhbayar"]
[Black "Khulan, Enkhsaikhan"]
[Result "1/2-1/2"]
[ECO "D13"]
[WhiteElo "1830"]
[BlackElo "2111"]
[Annotator "TA"]
[PlyCount "203"]
[EventDate "2022.05.12"]
[EventType "tourn"]
[EventCountry "MGL"]
[SourceTitle "playchess.com"]
[Source "ChessBase"]
[SourceQuality "1"]
[TimeControl "40/5400+30:1800+30"]

1. d4 d5 2. c4 c6 3. cxd5 cxd5 4. Nc3 Nc6 5. Nf3 Nf6 6. Bf4 Qb6 7. a3 e6 {[%emt 0:18:22] D13: Slav Defence: Exchange variation without ...Bf5.} ({Not} 7... Qxb2 8. Na4 Qb5 9. Bd2 $16) 8. Na4 (8. e3 $5 ) 8... Qd8 9. Rc1 Ne4 10. Nc3 {[%emt 0:09:06] [#]} Be7 $146 ({Predecessor:} 10... Qa5 11. e3 Be7 12. Bd3 Nxc3 13. Rxc3 Bxa3 14. O-O Be7 15. Qc2 Bd7 16. Bxh7 f5 17. Bg6+ Kf8 18. Ng5 Bxg5 19. Bxg5 {1-0 (34) Porter,R (1952)-Patrick,D (1870) Wakefield 2016}) 11. e3 Nxc3 (11... g5 $11 12. Bg3 h5) 12. Rxc3 $14 O-O 13. Bd3 Bd7 14. Bb1 {[%emt 0:04:22] White is more active.} Rc8 15. Qd3 f5 16. O-O g5 17. Bg3 h5 18. h3 $1 g4 19. Ne5 Nxe5 20. Bxe5 Qb6 (20... Bf6 $11 {keeps the balance.}) 21. Rb3 $16 Qc6 22. Rc3 (22. e4 $16) 22... Qb5 {[%emt 0:01:56] [#]} (22... Qb6 $1 $11 23. Rb3 Qc6) 23. Qxb5 (23. Rxc8 $1 $16 Rxc8 24. Qd2 gxh3 25. Bd3 (25. gxh3 Kh7 $16)) 23... Bxb5 $11 24. Rfc1 Rc6 (24... Bd7 {feels hotter.} 25. Rc7 Kf7 26. Bd3 Bc6) 25. Rxc6 Bxc6 26. hxg4 hxg4 27. g3 Kf7 28. Kg2 Bf6 29. Bxf6 Kxf6 {[%emt 0:00:10][%mdl 4096] Endgame KRB-KRB} 30. Rh1 Bb5 {[%emt 0:01:39] ...Be2 is the strong threat.} 31. f4 {[%emt 0:08:53] [#]} (31. f3 $1 $11 {remains equal.}) 31... Rc8 (31... Kg6 $1 $17 32. Kf2 Rc8) 32. Rh6+ Ke7 33. Rh7+ Kd6 34. Rxb7 a6 {[%emt 0:02:38] aiming for ...Rc1.} 35. Rb6+ Ke7 36. a4 Bxa4 {[%emt 0:00:27] Threatens to win with ...Bb5.} 37. Rxa6 Bd1 38. Bd3 Rb8 39. Ra2 Rb3 40. Bf1 Rxe3 {[%emt 0:00:00] Black wants to play ...Bf3+.} 41. b4 Rb3 42. b5 Rb4 43. Ra7+ $1 Kf6 44. Rb7 (44. Kf2 $11) 44... Rxd4 $17 45. b6 Rb4 46. Rb8 d4 47. Kf2 Bf3 {[%emt 0:01:13] Against b7} 48. Ba6 Ke7 49. b7 Kd7 50. Ke1 Rb2 51. Kf1 Be4 {[%emt 0:01:25] And now ...d3 would win.} 52. Rc8 Rb1+ 53. Kf2 Rb2+ 54. Kf1 $1 Bxb7 55. Bxb7 Rxb7 {[%emt 0:00:04] KR-KR} (55... d3 {is interesting.} 56. Rc4 Rb1+ 57. Kf2 Rxb7 58. Rd4+ Ke8) 56. Rc4 Kd6 57. Rxd4+ Kc5 58. Rd3 Rb4 59. Kf2 Rb2+ 60. Kf1 Rb4 61. Kf2 $1 Rd4 62. Re3 Kd6 63. Ra3 Rd2+ 64. Kf1 Kd5 {[%emt 0:03:53] Strongly threatening ...Kd4.} 65. Re3 Rc2 66. Re5+ Kd6 67. Re3 Rc5 68. Kf2 e5 (68... Ra5 $17 69. Rd3+ Kc5) 69. fxe5+ Rxe5 70. Ra3 Rc5 71. Re3 Rc2+ 72. Kf1 Kd5 73. Re8 Kd4 74. Re7 Rc3 75. Kf2 Rf3+ 76. Kg2 Re3 77. Rf7 Re2+ 78. Kf1 Re5 79. Kf2 Ke4 80. Ra7 $1 Rc5 81. Re7+ Kd3 82. Rd7+ Ke4 83. Re7+ Kd4 84. Rd7+ Ke5 85. Re7+ Kf6 86. Re3 Rc2+ 87. Kf1 f4 88. gxf4 {[%emt 0:00:25] The position is equal.} Kf5 89. Ra3 Kxf4 90. Rb3 Kg5 91. Ra3 Kh4 92. Rb3 g3 {[%emt 0:01:20] White must now prevent ...Kh3.} 93. Rb8 Rf2+ 94. Kg1 Rf4 95. Kg2 Rf2+ 96. Kg1 Ra2 97. Rh8+ Kg4 98. Rg8+ Kh4 (98... Kf3 $5 99. Rf8+ Kg4 $11) 99. Rh8+ Kg4 100. Rg8+ Kh4 (100... Kf3 $5 101. Rf8+ Kg4 $11) 101. Rh8+ Kg4 102. Rg8+ {[%emt 0:00:05] Weighted Error Value: White=0.13 (very precise) /Black=0.15 (very precise)} 1/2-1/2

[Event "Mongolian Championship Women 2022"]
[Site "Chingis Khentii"]
[Date "2022.05.19"]
[Round "7.3"]
[White "Munkhzul, Davaakhuu"]
[Black "Enkhtuul, Altan-Ulzii"]
[Result "0-1"]
[ECO "B76"]
[WhiteElo "1991"]
[BlackElo "2228"]
[Annotator "TA"]
[PlyCount "56"]
[EventDate "2022.05.12"]
[EventType "tourn"]
[EventCountry "MGL"]
[SourceTitle "playchess.com"]
[Source "ChessBase"]
[SourceQuality "1"]
[TimeControl "40/5400+30:1800+30"]

1. e4 c5 2. Nf3 d6 3. d4 cxd4 4. Nxd4 Nf6 5. Nc3 g6 6. Be3 Bg7 7. f3 O-O 8. Qd2 Nc6 9. O-O-O d5 10. exd5 Nxd5 11. Nxc6 bxc6 12. Nxd5 cxd5 13. Bd4 {[%emt 0:01:18] B76: Sicilian Dragon: Yugoslav Attack, 9 g4 and 9 0-0-0.} e5 14. Bc5 {[%emt 0:00:32][%csl LRd5,LRf8] [#]} Be6 $1 {[%emt 0:00:08][%cal Oa8b8] Threatens to win with ...Rb8!} 15. Bb5 {[%emt 0:12:21] [#] The position is equal.} Rb8 $146 ({Predecessor:} 15... d4 16. Bxf8 Qxf8 17. Kb1 Rb8 18. Ba4 d3 19. cxd3 e4 20. d4 exf3 21. gxf3 Qa3 22. Bb3 Rxb3 {0-1 (22) Polgar,I-Dely,P Kecskemet 1972}) 16. Ba4 {[%emt 0:04:39] [#]} (16. Bxf8 $2 Qxf8 17. Qa5 Qc5 $19) 16... Qh4 ({Black should play} 16... Re8 $1 $11) 17. Bxf8 $14 Kxf8 18. Qa5 Qf4+ (18... e4 $14 19. Bb3 exf3) 19. Kb1 $16 e4 {[%emt 0:03:23] [#]} 20. Bb3 $1 Qe5 21. c3 {[%emt 0:09:23] Hoping for Rhe1.} e3 (21... exf3 $142 22. gxf3 Kg8) 22. Rhe1 $18 (22. Qxa7 $6 Rc8) (22. Bxd5 $2 e2 23. Qa3+ Kg8 24. Bxe6 exd1=Q+ 25. Rxd1 fxe6 $19) 22... Bh6 23. Bxd5 $2 ({White should try} 23. Qxa7 $18 {[%cal Ob3d5] Strongly threatening Bxd5!} Rd8 24. Qd4) 23... e2 $14 24. Rd4 (24. Rd3 $14 Kg7 {[#]} 25. Qxa7 $1 Bxd5 26. Qd4 (26. Rxd5 $2 Qxd5 27. Qa4 Qd2 $19) 26... Qxd4 27. Rxd4) 24... Qf5+ $1 $11 25. Ka1 Qc2 $1 26. Bb3 Bxb3 {[%emt 0:00:53] The board is on fire. Active counter play!} 27. axb3 (27. Qxa7 $11 {and White stays safe.} Bf4 28. axb3 (28. Rxf4 $2 {leads to mate.} Qd1+)) 27... Bd2 $2 (27... Bc1 $19 28. Qa3+ Kg7) 28. Qe5 $2 (28. Qd5 $11 Bxe1 29. Qd6+ Kg7 30. Qe5+ Kh6 31. Qf4+ g5 32. Rd6+ (32. Qd6+ $2 Qg6 $19) 32... Kg7 33. Qxg5+ Kf8 34. Qh6+ Ke8 35. Qe3+ Kf8 36. Qh6+ Kg8 37. Qg5+ Kh8 38. Qe5+ Kg8 39. Qg5+ Kf8 40. Qh6+) 28... Qd1+ $1 {[%emt 0:00:14] Quite a comeback for Black.  Weighted Error Value: White=0.95/Black=0.35} 0-1

[Event "Mongolian Championship Women 2022"]
[Site "Chingis Khentii"]
[Date "2022.05.19"]
[Round "7.4"]
[White "Munkhzul, Turmunkh"]
[Black "Mungunzul, Bat-Erdene"]
[Result "1/2-1/2"]
[ECO "C42"]
[WhiteElo "2294"]
[BlackElo "2091"]
[Annotator "TA"]
[PlyCount "120"]
[EventDate "2022.05.12"]
[EventType "tourn"]
[EventCountry "MGL"]
[SourceTitle "playchess.com"]
[Source "ChessBase"]
[SourceQuality "1"]
[TimeControl "40/5400+30:1800+30"]

1. e4 e5 2. Nf3 Nf6 3. Nxe5 d6 4. Nf3 Nxe4 5. Qe2 Qe7 6. d3 Nf6 7. Qxe7+ Bxe7 8. g3 {[%emt 0:00:36] C42: Petroff Defence: 3 Nxe5 and unusual White 3rd moves.} Nc6 9. Bd2 O-O 10. Bg2 {[%emt 0:01:38] [#]} Bd7 $146 ({Predecessor:} 10... Re8 11. O-O Bf8 12. Nc3 Nb4 13. Nb5 Na6 14. a3 c6 15. Nc3 Nc7 16. Rfe1 Bg4 {1-0 (51) Serrano Salvador,E-Pila Diez,M Onati 1994}) 11. O-O Rfe8 12. Nc3 Nb4 13. Rac1 Bc6 14. a3 Nbd5 15. Nd4 Nxc3 16. Bxc6 ({But not} 16. Bxc3 Bxg2 17. Kxg2 Nd5 $11) 16... bxc6 17. Bxc3 c5 18. Nc6 Nd5 19. Rfe1 Kf8 20. Rb1 Bf6 21. Bxf6 Nxf6 22. b4 $1 cxb4 23. axb4 a6 24. Kf1 Nd7 25. Ra1 {[%emt 0:09:44] White is more active.} Rxe1+ 26. Kxe1 $14 {[%emt 0:00:28][%mdl 4096] Endgame KRN-KRN} Re8+ 27. Kd2 Nb8 28. Nd4 Ke7 29. Nf5+ Kf6 30. Ne3 {[%emt 0:00:11] [#] Black must now prevent Nd5+.} Ke6 {[%emt 0:00:00] Prevents Nd5.} 31. c4 Kd7 32. Nd5 c6 33. Ne3 g6 34. d4 Kc7 35. c5 d5 {[%emt 0:00:00] Against Nc4} 36. b5 axb5 37. Ra7+ Kd8 $1 38. Rb7 (38. Rxf7 $14 Re7 39. Rxe7 Kxe7 40. Nc2) 38... Nd7 $11 {[%emt 0:00:00] The position is equal.} 39. Nc2 Re6 40. Nb4 h6 41. Ra7 Kc8 42. Kd3 Rf6 43. Ke3 Re6+ 44. Kd2 Rf6 45. Kd3 Re6 46. h3 Rf6 47. Ke3 Re6+ 48. Kd2 Rf6 49. Kd3 Nb8 (49... Rxf2 50. Nxc6 Nf8 51. Ne7+ Kb8 52. c6 Rf3+ 53. Kd2 (53. Ke2 Kxa7 54. Kxf3 Ne6 $17) 53... Rf2+ 54. Kc3 b4+ 55. Kb3 $18) 50. Ke3 Re6+ 51. Kd2 Rf6 52. Ke3 Re6+ 53. Kd2 Rf6 54. Nd3 Nd7 55. h4 g5 56. hxg5 hxg5 57. Ra8+ Kc7 58. Ra7+ Kc8 59. Ra8+ Kc7 60. Ra7+ Kc8 {[%emt 0:00:13] Weighted Error Value: White=0.04 (flawless) /Black=0.03 (flawless)} 1/2-1/2